 Dungeon Crawl Stone Soup version 0.25.1-2-g60ff931df9 (webtiles) character file.

Game seed: 4246293326655694163

45 RaHiT the Stinger (level 3, 0/28 HPs)
             Began as a Naga Venom Mage on Sept 22, 2020.
             Slain by an adder (3 damage)
             ... on level 2 of the Dungeon.
             The game lasted 00:09:54 (976 turns).

RaHiT the Stinger (Naga Venom Mage)                  Turns: 976, Time: 00:09:55

Health: 0/28       AC:  2    Str: 10    XL:     3   Next: 64%
Magic:  4/7        EV: 10    Int: 16    God:
Gold:   84         SH:  0    Dex: 11    Spells: 2/8 levels left

rFire    . . .     SeeInvis +   g - +2 spear (vorpal)
rCold    . . .     Gourm    .   (no shield)
rNeg     . . .     Faith    .   a - +0 robe
rPois    +         Spirit   .   (no helmet)
rElec    .         Reflect  .   (no cloak)
rCorr    .         Harm     .   (no gloves)
MR       .....                  (no barding)
Stlth    ++........             n - amulet of regeneration
HPRegen  0.49/turn              l - +4 ring of slaying
MPRegen  0.10/turn              (no ring)

@: very slow
A: large, see invisible, deformed body, poison resistance, slowness 2, slow
metabolism 1, spit poison 1, AC +1
a: Spit Poison


You were on level 2 of the Dungeon.
You were not hungry.

You visited 1 branch of the dungeon, and saw 2 of its levels.

You collected 84 gold pieces.

Inventory:

Hand Weapons
 g - a +2 vorpal spear (weapon)
Missiles
 d - 18 bolts
 f - 77 stones (quivered)
 k - 51 arrows
Armour
 a - a +0 robe (worn)
Jewellery
 l - a +4 ring of slaying (left hand)
 n - an amulet of regeneration (around neck)
Scrolls
 b - 4 scrolls of teleportation
 h - a scroll of magic mapping {unknown}
Potions
 e - a potion of ambrosia
 j - a potion of brilliance
 o - a potion of stabbing
Comestibles
 c - 2 rations
 m - 6 chunks of flesh


   Skills:
 + Level 0.1 Fighting
 - Level 1.5 Dodging
 - Level 3.0 Stealth
 - Level 3.0 Spellcasting
 - Level 1.0 Transmutations
 * Level 5.0 Poison Magic


You had 2 spell levels left.
You knew the following spells:

 Your Spells              Type           Power        Failure   Level  Hunger
a - Sting                 Tmut/Pois      ##..         5%          1    #......
b - Poisonous Vapours     Pois/Air       ##....       10%         2    ##.....
c - Mephitic Cloud        Conj/Pois/Air  #.......     28%         3    ###....

Your spell library contained the following spells:

 Spells                   Type           Power        Failure   Level  Hunger
 Ignite Poison            Fire/Tmut/Pois #.......     24%         3    ###....
 Olgreb's Toxic Radiance  Pois           ###.....     24%         4    #####..


Dungeon Overview and Level Annotations

Branches:
Dungeon (2/15)

Altars:


Innate Abilities, Weirdness & Mutations

You cannot wear boots.
Your serpentine skin is tough. (AC +1)
You have supernaturally acute eyesight. (SInv)
Armour fits poorly on your strangely shaped body.
Your system is resistant to poisons. (rPois)
You cover ground very slowly.
You have a slow metabolism.
You can spit poison.


Message History

Confirm with . or Enter, or press ? or * to list all spells.
Aiming: Sting (safe; 5% risk of failure)
Press: ? - help, Shift-Dir - straight line, f/p - adder
Aim: an adder (moderately wounded, poisoned)
The sting hits the adder.
The adder looks even sicker.
The adder is heavily wounded.
The quokka bites you. The adder bites you but does no damage.
The quokka bites you. The adder barely misses you.
You hit the adder.
The adder is almost dead.
The adder closely misses you. The quokka bites you.
* * * LOW HITPOINT WARNING * * *
You completely miss the adder.
The adder is almost dead.
The adder barely misses you. The quokka bites you.
* * * LOW HITPOINT WARNING * * *
You closely miss the adder.
The adder is almost dead.
The adder bites you.
You die...

#. #. #.## #+ #
# #..##. .#.
#.# ##.... ....
....#....♣.....
......†........
♣S@.......
......r........
#.#.#....♣?....
.. ##.... ...#
# ..###. .##
#.# #+ # .. #.#


You could see an adder (very poisoned) and a quokka.

Vanquished Creatures
  A gnoll (D:1)
  A dart slug (D:1)
  A leopard gecko (D:1)
  2 bats (D:1)
  5 goblins (D:1)
  4 hobgoblins (D:1)
  7 jackals (D:1)
  3 frilled lizards (D:1)
  2 kobolds (D:1)
  5 rats
31 creatures vanquished.

Notes
Turn   | Place    | Note
-------+----------+-------------------------------------------
     0 | D:1      | RaHiT the Naga Venom Mage began the quest for the Orb.
     0 | D:1      | Reached XP level 1. HP: 15/15 MP: 3/3
   233 | D:1      | Reached XP level 2. HP: 22/22 MP: 5/5
   237 | D:1      | Learned a level 2 spell: Poisonous Vapours
   274 | D:1      | Reached skill level 5 in Poison Magic
   319 | D:1      | Reached XP level 3. HP: 14/28 MP: 3/6
   440 | D:1      | Learned a level 3 spell: Mephitic Cloud
   976 | D:2      | Slain by an adder

Illustrated notes

Levels and vault maps discovered:
D:1:      heliophobic_arrival_enchanted_forest, layout_loops_corners,
          minmay_box_of_dots
D:2:      layout_loops_corners, first_ration, grunt_ministairs_1,
          minmay_octomino_j4, uniq_robin, uniq_natasha, uniq_terence

Skill      XL: |  1  2  3 |
---------------+----------+-----
Poison Magic   | 5 |  5.0
Spellcasting   | 3 |  3.0
Fighting       | |  0.1
Dodging        | |  1.5
Stealth        | |  3.0
Transmutations | |  1.0

Action                   || total
-------------------------++-------
Melee: Unarmed           ||     6
       Spear             ||    26
 Cast: Sting             ||    23
       Poisonous Vapours ||     2
       Mephitic Cloud    ||     1
 Abil: Spit Poison       ||    11
  Use: Scroll            ||     4
 Stab: Sleeping          ||     3
  Eat: Chunk             ||     1
Armor: Robe              ||     5
Dodge: Dodged            ||    24
